 Dungeon Crawl Stone Soup version 0.22-a0-553-g9358b0b (webtiles) character file.

7142 royokou the Thaumaturge (level 10, -3/56 HPs)
             Began as a Deep Elf Conjurer on June 25, 2018.
             Was a Priest of Vehumet.
             Slain by a spiny frog (15 damage)
             ... on level 8 of the Dungeon.
             The game lasted 01:49:55 (10468 turns).

royokou the Thaumaturge (Deep Elf Conjurer)        Turns: 10468, Time: 01:49:55

Health: -3/56      AC: 10    Str:  9    XL:     10   Next: 85%
Magic:  10/27      EV: 13    Int: 22    God:    Vehumet [***...]
Gold:   478        SH:  0    Dex: 15    Spells: 21/31 levels left

rFire    + . .     SeeInvis .   v - +2 short sword (protect)
rCold    . . .     Gourm    .   (no shield)
rNeg     . . .     Faith    .   z - +0 ring mail
rPois    .         Spirit   .   (no helmet)
rElec    .         Reflect  .   O - +0 cloak
rCorr    .         Harm     .   (no gloves)
MR       +....                  k - +0 pair of boots
Stlth    ++........             p - amulet of the acrobat
HPRegen  0.18/turn              e - ring of wizardry
MPRegen  0.20/turn              i - ring of protection from fire

@: lethally poisoned (-3 -> -15)
A: molten scales 1, strong 1
a: Renounce Religion


You were on level 8 of the Dungeon.
You worshipped Vehumet.
Vehumet was most pleased with you.
You were not hungry.

You visited 3 branches of the dungeon, and saw 10 of its levels.
You also visited: Ossuary.

You collected 478 gold pieces.

Inventory:

Hand Weapons
 v - a +2 short sword of protection (weapon)
 H - a +1 flail of venom
Missiles
 m - 6 tomahawks (quivered)
 o - 226 stones
Armour
 a - a +0 robe
 j - a +0 animal skin
 k - a +0 pair of boots (worn)
 w - a +0 robe
 z - a +0 ring mail (worn)
 C - a +0 leather armour
 E - a +0 buckler
 O - a +0 cloak (worn)
Magical Staves
 U - an uncursed staff of wizardry
Jewellery
 e - a ring of wizardry (left hand)
 h - an uncursed ring of protection from magic
 i - a ring of protection from fire (right hand)
 p - an amulet of the acrobat (around neck)
 K - an uncursed ring of wizardry
 M - an uncursed amulet of rage
 Y - an uncursed ring of stealth
 Z - an uncursed ring of flight
Wands
 g - a wand of digging (16)
 t - a wand of acid (9)
 x - a wand of flame (25)
 y - a wand of polymorph (14)
 A - a wand of clouds (4)
 W - a wand of iceblast (16)
Scrolls
 f - 3 scrolls of blinking
 l - 3 scrolls of enchant armour
 q - 3 scrolls of teleportation
 s - 4 scrolls of enchant weapon
 D - 2 scrolls of remove curse
 Q - 3 scrolls of amnesia
 T - 3 scrolls of magic mapping
 X - a scroll of vulnerability
Potions
 b - 2 potions of mutation
 d - a potion of heal wounds
 r - a potion of lignification
 F - 2 potions of magic
 G - 4 potions of curing
 I - 5 potions of agility
 J - a potion of resistance
 L - 2 potions of degeneration
 N - a potion of might
 P - 2 potions of flight
 R - a potion of haste
 S - a potion of cancellation
 V - a potion of brilliance
Comestibles
 c - 9 rations


   Skills:
 + Level 3.2 Fighting
 + Level 6.7 Short Blades
   Level 0.5 Polearms
 + Level 4.9 Armour
 + Level 5.8 Dodging
 + Level 4.4 Stealth
 + Level 11.0 Spellcasting
 + Level 9.9 Conjurations
 * Level 4.0 Fire Magic


You had 21 spell levels left.
You knew the following spells:

 Your Spells              Type           Power        Failure   Level  Hunger
a - Magic Dart            Conj           ####         1%          1    None
b - Searing Ray           Conj           ######       1%          2    None
c - Iskenderun's Mystic   Conj           ######..     1%          4    #......
d - Conjure Flame         Conj/Fire      #####...     1%          3    None

Your spell library contained the following spells:

 Spells                   Type           Power        Failure   Level  Hunger
 Fulminant Prism          Conj/Hex       ####......   2%          4    #......
 Dazzling Spray           Conj/Hex       ####..       1%          3    None
 Force Lance              Conj/Tloc      ####....     2%          4    #......


Dungeon Overview and Level Annotations

Branches:
Dungeon (8/15)             Temple (1/1) D:4            Lair (1/6) D:8

Altars:
Ashenzari
Cheibriados
Dithmenos
Elyvilon
Fedhas
Gozag
Hepliaklqana
Kikubaaqudgha
Makhleb
Nemelex Xobeh
Okawaru
Qazlal
Ru
Sif Muna
Trog
Uskayaw
Vehumet
Wu Jian
Xom
Yredelemnul
Zin
The Shining One

Shops:
D:6 (

Annotations:
D:6 Sigmund
D:8 1 runed door, Zekkers's ghost, novice NaWr


Innate Abilities, Weirdness & Mutations

You are partially covered in molten scales. (AC +2)
Your muscles are strong. (Str +2)


Message History

The orb of energy hits the blink frog.
You kill the blink frog!
Vehumet accepts your kill.
You feel your power returning.
The orb of energy explodes!
* * * LOW HITPOINT WARNING * * *
You feel sick. The spiny frog stings you!
* * * LOW HITPOINT WARNING * * *
You feel much better.
You feel sick. The blink frog closely misses you.
The spiny frog stings you but does no damage.
Casting: Iskenderun's Mystic Blast (safe; 1% risk of failure)
Confirm with . or Enter, or press ? or * to list all spells.
Aiming: Iskenderun's Mystic Blast (safe; 1% risk of failure)
Press: ? - help, Shift-Dir - straight line, f - spiny frog
Aim: a spiny frog (lightly wounded)
The orb of energy hits the spiny frog.
The spiny frog is moderately wounded.
You feel sick. The blink frog hits you!
* * * LOW HITPOINT WARNING * * *
The spiny frog stings you!
You die...

#.# #.#####.........#.## #. #.#
#....##..########.# #. ..#
####.##..# #.# #. ### ##.##..#
#####.#######.
#...#######.(...........
##########..#...≈...#...#########
..............#...#.....#
##########...##..P##....#
#########..#...P@F...#(##
...........#≈...F.P.≈#.##
.#########[#.)P.P....#..# .#
#........##P..##....# .#
#.####....#...#.....# ## ##.##
#..#...≈...#...#
####...###...#######....#
.....#.....### #.##..#
####...##### #....##


You could see a spiny frog and a blink frog.

Vanquished Creatures
  2 two-headed ogres (D:8)
  Pikel (D:6)
  Maurice (D:8)
  A komodo dragon (Lair:1)
  Grinder (D:4)
  Prince Ribbit (D:8)
  A blink frog (D:8)
  3 hogs (D:8)
  A yak (D:8)
  A human (D:8)
  A hungry ghost (D:7)
  2 water moccasins
  3 porcupines (Lair:1)
  Duvessa (D:4)
  2 orc warriors
  3 phantoms
  4 slaves (D:4)
  A centaur (D:6)
  2 ogres
  3 bullfrogs
  Dowan (D:4)
  A water moccasin zombie (D:8)
  A scorpion (D:8)
  A howler monkey (D:5)
  3 crimson imps
  5 bullfrog zombies (Ossuary)
  A centaur zombie (Ossuary)
  A jelly (D:5)
  6 hounds
  A quasit (D:4)
  7 orc priests
  7 orc wizards
  Jessica (D:2)
  Ijyb (D:3)
  Terence (D:2)
  An iguana (D:8)
  3 worker ants
  A killer bee zombie (Ossuary)
  4 hound zombies
  10 mummies (Ossuary)
  A howler monkey zombie (Ossuary)
  3 worker ant zombies (Ossuary)
  8 adders
  A shadow imp (D:5)
  4 adder zombies
  2 worms (D:4)
  3 dart slugs
  5 leopard geckos
  22 orcs
  6 bats
  A giant cockroach (D:3)
  8 goblins
  7 hobgoblins
  16 jackals
  4 quokkas
  2 ball pythons (D:1)
  6 frilled lizards
  A giant cockroach zombie (Ossuary)
  2 jackal zombies
  6 kobolds
  A leopard gecko skeleton (D:7)
  3 quokka zombies
  9 rats
  A rat zombie (D:6)
  A withered plant (Ossuary)
215 creatures vanquished.

Vanquished Creatures (others)
  Eustachio (D:4)
  3 fungi (D:8)
  9 plants (D:8)
  A withered plant (Ossuary)
14 creatures vanquished.

Grand Total: 229 creatures vanquished

Notes
Turn   | Place    | Note
-------+----------+-------------------------------------------
     0 | D:1      | royokou the Deep Elf Conjurer began the quest for the Orb.
     0 | D:1      | Reached XP level 1. HP: 10/10 MP: 6/6
   141 | D:1      | Reached XP level 2. HP: 15/15 MP: 4/8
   164 | D:1      | Learned a level 2 spell: Searing Ray
   320 | D:1      | Reached skill level 5 in Conjurations
   723 | D:2      | Reached XP level 3. HP: 19/19 MP: 7/9
   870 | D:2      | Noticed Jessica
   967 | D:2      | Noticed Terence
  1231 | D:2      | Killed Jessica
  1231 | D:2      | Reached XP level 4. HP: 24/24 MP: 7/11
  1321 | D:2      | Killed Terence
  1321 | D:2      | Reached skill level 4 in Spellcasting
  1537 | D:2      | Gained mutation: You are partially covered in molten scales. (AC +2) [potion of mutation]
  1537 | D:2      | Gained mutation: Your muscles are strong. (Str +2) [potion of mutation]
  1843 | D:3      | Noticed Ijyb
  1864 | D:3      | Killed Ijyb
  1864 | D:3      | Reached XP level 5. HP: 28/28 MP: 0/13
  2283 | D:3      | Found a glowing silver altar of Zin.
  2284 | D:3      | Found an opulent altar of Gozag.
  2669 | D:3      | Found a hide-covered altar of Uskayaw.
  2669 | D:3      | Found a bloodstained altar of Trog.
  2669 | D:3      | Found a glowing golden altar of the Shining One.
  2813 | D:4      | Noticed Duvessa
  2815 | D:4      | Noticed Dowan
  2837 | D:4      | Killed Duvessa
  2837 | D:4      | Reached skill level 1 in Armour
  2837 | D:4      | Reached skill level 5 in Spellcasting
  2837 | D:4      | Reached XP level 6. HP: 30/32 MP: 1/15
  2867 | D:4      | Killed Dowan
  2949 | D:4      | Found a shattered altar of Ashenzari.
  3060 | D:4      | Noticed Grinder
  3441 | D:4      | Noticed a slave
  3441 | D:4      | Noticed a slave
  3484 | D:4      | Killed a slave
  3505 | D:4      | Killed a slave
  3648 | D:4      | Noticed a slave
  3650 | D:4      | Noticed a slave
  3652 | D:4      | Noticed Pikel
  3669 | D:4      | Killed a slave
  3680 | D:4      | Killed a slave
  3777 | D:4      | Reached XP level 7. HP: 30/37 MP: 14/17
  3799 | D:4      | Reached skill level 1 in Short Blades
  4000 | D:4      | Found a staircase to the Ecumenical Temple.
  4010 | D:4      | Noticed Eustachio
  4020 | D:4      | Killed Eustachio
  4020 | D:4      | Reached skill level 6 in Spellcasting
  4041 | Temple   | Entered the Ecumenical Temple
  4142 | Temple   | Became a worshipper of Vehumet
  4347 | D:4      | Found a sparkling altar of Nemelex Xobeh.
  4365 | D:4      | Paralysed by Grinder for 7 turns
  4386 | D:4      | Killed Grinder
  4386 | D:4      | Reached skill level 1 in Fighting
  4392 | D:4      | Learned a level 4 spell: Iskenderun's Mystic Blast
  4648 | D:5      | Entered Level 5 of the Dungeon
  4682 | D:5      | Reached XP level 8. HP: 42/43 MP: 6/20
  4694 | D:5      | Reached skill level 7 in Spellcasting
  4892 | D:5      | Found a basalt altar of Yredelemnul.
  5539 | D:6      | Reached * piety under Vehumet
  5539 | D:6      | Offered knowledge of Sting by Vehumet.
  5658 | D:6      | Killed Pikel
  5658 | D:6      | Reached skill level 8 in Spellcasting
  5658 | D:6      | Reached XP level 9. HP: 28/48 MP: 2/23
  5854 | D:6      | Noticed Sigmund
  6072 | D:6      | Found a sand-covered staircase.
  6081 | Ossuary  | Entered an ossuary
  6187 | Ossuary  | Reached skill level 9 in Spellcasting
  6350 | Ossuary  | Reached ** piety under Vehumet
  6353 | Ossuary  | Offered knowledge of Throw Frost by Vehumet.
  6702 | D:6      | Found Wihomir's Weapon Shop.
  6755 | D:6      | Found a stormy altar of Qazlal.
  7532 | D:7      | Reached skill level 5 in Short Blades
  7532 | D:7      | Reached skill level 5 in Dodging
  7698 | D:7      | Offered knowledge of Conjure Flame by Vehumet.
  7703 | D:7      | Learned a level 3 spell: Conjure Flame
  7970 | D:8      | Found a staircase to the Lair.
  7993 | D:8      | Noticed a two-headed ogre
  8128 | D:8      | Reached skill level 1 in Fire Magic
  8245 | D:8      | Noticed Prince Ribbit
  8256 | D:8      | Killed Prince Ribbit
  8256 | D:8      | Reached XP level 10. HP: 23/55 MP: 18/25
  8881 | D:8      | Noticed Maurice
  8892 | D:8      | Killed Maurice
  8947 | D:8      | Found a runed door.
  8953 | D:8      | Noticed Zekkers's ghost (novice NaWr)
  9001 | D:8      | Killed a two-headed ogre
  9001 | D:8      | Reached *** piety under Vehumet
  9001 | D:8      | Reached skill level 10 in Spellcasting
  9272 | D:8      | Noticed a two-headed ogre
  9278 | D:8      | Killed a two-headed ogre
  9373 | D:8      | Found a sparkling altar of Nemelex Xobeh.
  9794 | Lair:1   | Entered Level 1 of the Lair of Beasts
  9934 | Lair:1   | Reached skill level 11 in Spellcasting
 10163 | Lair:1   | Noticed a spiny frog
 10218 | Lair:1   | Noticed a spiny frog
 10466 | D:8      | HP: 2/56 [spiny frog (10)]
 10468 | D:8      | Slain by a spiny frog

Vault maps used:
D:1:      dpeg_arrival_refuge, minmay_misc_feat_tower
D:2:      first_ration, uniq_terence, uniq_jessica
D:3:      grunt_temple_overflow_gold_and_silver,
          gammafunk_temple_overflow_forgotten, hangedman_decor_riveting,
          uniq_ijyb
D:4:      lemuel_coloured_pillars_altar, hangedman_decor_points,
          nemelex_altar_shiori, uniq_grinder, uniq_duvessa, uniq_pikel,
          uniq_eustachio
D:5:      lemuel_round_altar
D:6:      enter_ossuary_3, serial_shops, shop, minmay_misc_feat_square,
          nicolae_qazlal_style_of_elements, uniq_sigmund
D:8:      old_standard_altar, dpeg_oklobed_lair, ebering_ghost_funeral_grove,
          grunt_livestock, uniq_maurice, uniq_prince_ribbit1
Temple:   nicolae_temple_great_sept
Lair:1:   uniq_fannar
Ossuary:  ossuary_zaba_flooded

Skill      XL: |  1  2  3  4  5  6  7  8  9 10 |
---------------+-------------------------------+-----
Conjurations   | 5 6 7 8 9 |  9.9
Dodging        | 3 4 5 |  5.8
Spellcasting   | 4 5 6 8 9 11 | 11.0
Stealth        | 3 4 |  4.4
Armour         | 1 2 3 4 |  4.9
Short Blades   | 2 3 5 6 |  6.7
Fighting       | 1 2 3 |  3.2
Fire Magic     | 1 4 |  4.0
Polearms       | |  0.5

Action                   |  1- 3 |  4- 6 |  7- 9 | 10-12 || total
-------------------------+-------+-------+-------+-------++-------
Melee: Unarmed           |     8 |       |       |       ||     8
       Spear             |       |    43 |       |       ||    43
       Short sword       |       |    52 |   389 |    84 ||   525
       Staff             |       |       |     7 |       ||     7
 Cast: Magic Dart        |    63 |    80 |   244 |    56 ||   443
       Searing Ray       |     2 |    14 |     4 |       ||    20
       Iskenderun's Myst |       |       |    29 |    28 ||    57
       Conjure Flame     |       |       |     2 |     3 ||     5
  Use: Scroll            |     3 |     5 |     4 |    10 ||    22
       Potion            |       |     8 |     6 |     3 ||    17
 Stab: Sleeping          |     1 |       |     2 |       ||     3
  Eat: Chunk             |       |     8 |     9 |     1 ||    18
       Ration            |       |       |     3 |     2 ||     5
Armor: Robe              |     3 |       |       |       ||     3
       Ring mail         |       |    68 |   160 |    37 ||   265
Dodge: Dodged            |     7 |    78 |   216 |    63 ||   364

Table legend:
 A = Spawn XP
 B = Non-spawn XP
 C = Spawn XP percentage of total XP
 D = Spawn monster count
 E = Non-spawn monster count
 F = Spawn count percentage of total count
 G = Total turns spent on level
                    A         B        C        D         E        F      G
               +---------+---------+-------+---------+---------+-------+---------
         Total |       0 |   10204 |   0.0 |       0 |     211 |   0.0 | 10468
               +---------+---------+-------+---------+---------+-------+---------
           D:1 |       0 |      41 |   0.0 |       0 |      25 |   0.0 |   954
           D:2 |       0 |     109 |   0.0 |       0 |      16 |   0.0 |   605
           D:3 |       0 |     114 |   0.0 |       0 |      28 |   0.0 |  1328
           D:4 |       0 |    1150 |   0.0 |       0 |      29 |   0.0 |  1648
           D:5 |       0 |     642 |   0.0 |       0 |      17 |   0.0 |   987
           D:6 |       0 |    1297 |   0.0 |       0 |      19 |   0.0 |   936
           D:7 |       0 |     635 |   0.0 |       0 |      13 |   0.0 |   864
           D:8 |       0 |    4552 |   0.0 |       0 |      27 |   0.0 |  1977
        Lair:1 |       0 |     982 |   0.0 |       0 |       6 |   0.0 |   441
       Ossuary |       0 |     682 |   0.0 |       0 |      31 |   0.0 |   615
               +---------+---------+-------+---------+---------+-------+---------
